 Dungeon Crawl Stone Soup version 0.23.2 (webtiles) character file.

Game seed: 16970405343150259532

2397 Borgoz the Covered (level 9, -7/75 HPs)
             Began as a Ghoul Fighter on Apr 5, 2019.
             Was a Follower of Ashenzari.
             Mangled by a small abomination (14 damage)
             ... on level 1 of the Abyss.
             The game lasted 00:15:43 (6521 turns).

Borgoz the Covered (Ghoul Fighter)                  Turns: 6521, Time: 00:15:44

Health: -7/75      AC: 12    Str: 20    XL:     9   Next: 46%
Magic:  0/8        EV: 11    Int:  8    God:    Ashenzari [*.....]
Gold:   340        SH:  0    Dex: 18    Spells: 8/8 levels left

rFire    + . .     SeeInvis +   b - +2 dagger (drain)
rCold    . . .     Gourm    .   (no shield)
rNeg     + + +     Faith    .   r - +2 chain mail of Eja Caata {-Tele rElec Int+4 Dex+8}
rPois    ∞         Spirit   +   (no helmet)
rElec    +         Reflect  .   (no cloak)
rCorr    .         Harm     .   (no gloves)
MR       .....     NoTele   +   (no boots)
Stlth    ..........             F - amulet of guardian spirit
HPRegen  0.00/turn              i - ring of fire
MPRegen  0.11/turn              n - ring of see invisible

@: rotting
A: rotting body, claws 1, carnivore, cold resistance 1, negative energy
resistance 3, inhibited regeneration, torment resistance, unbreathing
a: Curse Item, Scrying, Renounce Religion


You were on level 1 of the Abyss.
You worshipped Ashenzari.
Ashenzari was aware of your devotion.
You were not hungry.

You visited 2 branches of the dungeon, and saw 9 of its levels.
You visited the Abyss 1 time.
You also visited: Ossuary.

You collected 340 gold pieces.

Inventory:

Hand Weapons
 a - a +0 rapier
 b - a +2 dagger of draining (weapon)
 A - a +0 short sword of speed
Missiles
 x - 2 throwing nets (quivered)
Armour
 c - a +0 shield
 k - +0 ice dragon scales
 r - the +2 chain mail of Eja Caata (worn) {-Tele rElec Int+4 Dex+8}
   (You found it on level 4 of the Dungeon)

   It affects your intelligence (+4).
   It affects your dexterity (+8).
   It insulates you from electricity.
   It prevents most forms of teleportation.
Jewellery
 i - a ring of fire (left claw)
 n - a ring of see invisible (right claw)
 F - an amulet of guardian spirit (around neck)
Wands
 v - a wand of paralysis (1)
Scrolls
 d - 2 scrolls of teleportation {unknown}
 e - 3 scrolls of amnesia
 g - 2 scrolls of fog {unknown}
 h - 7 scrolls of blinking
 l - 2 scrolls of fear {unknown}
 m - 6 scrolls of enchant weapon
 o - a scroll of magic mapping {unknown}
 p - a scroll of remove curse
 y - a scroll of immolation {unknown}
 B - 2 scrolls of enchant armour
Potions
 j - 2 potions of heal wounds
 q - a potion of brilliance
 s - 4 potions of curing
 u - 2 potions of flight
Comestibles
 f - 14 rations


   Skills:
 + Level 5.7 Fighting
 * Level 6.0 Short Blades
 * Level 6.3 Armour
 * Level 5.5 Dodging
 - Level 4.4 Stealth
 - Level 2.6 Shields
 + Level 1.2 Evocations


You had 8 spell levels left.
You didn't know any spells.
Your spell library contained the following spells:

 Spells                   Type           Power        Failure   Level  Hunger
 Magic Dart               Conj           #...         98%         1    ##.....
 Searing Ray              Conj           #.....       99%         2    ###....
 Dazzling Spray           Conj/Hex       #.....       100%        3    ####...
 Force Lance              Conj/Tloc      #.......     100%        4    #####..
 Fulminant Prism          Conj/Hex       #.........   100%        4    #####..
 Iskenderun's Mystic Bla  Conj           #.......     100%        4    #####..


Dungeon Overview and Level Annotations

Branches:
Dungeon (8/15)             Temple (1/1) D:4            Lair (0/6) D:8

Altars:
Ashenzari
Dithmenos
Elyvilon
Fedhas
Gozag
Hepliaklqana
Kikubaaqudgha
Makhleb
Nemelex Xobeh
Okawaru
Qazlal
Ru
Trog
Vehumet
Wu Jian
Xom
Yredelemnul
Zin
The Shining One

Shops:
D:5 [

Annotations:
D:7 Psyche


Innate Abilities, Weirdness & Mutations

Your body is rotting away.
You thrive on raw meat.
You are immune to poison.
You have sharp fingernails.
You are carnivorous and can eat meat at any time.
Your flesh is cold resistant. (rC+)
You are immune to negative energy. (rN+++)
You do not regenerate when monsters are visible.
You are immune to unholy pain and torment.
You can survive without breathing.


Message History

Your Short Blades skill increases to level 6!
The ynoxinul gestures.
You hit the small abomination but do no damage.
The ynoxinul gestures.
You hit the small abomination.
The small abomination is lightly damaged.
The small abomination hits you!
* * * LOW HITPOINT WARNING * * *
You closely miss the small abomination.
The small abomination is lightly damaged.
The small abomination hits you.
* * * LOW HITPOINT WARNING * * *
You hit the small abomination.
The small abomination is lightly damaged.
The small abomination hits you!
* * * LOW HITPOINT WARNING * * *
You closely miss the small abomination.
The small abomination is lightly damaged.
The small abomination hits you!
You die...

. ### # # #
#.##55## .
#
#@x54#...#.
.# #####3#
# ### . .
#.## ...
### #. # ##
#.# # #. .
. . ## #.
.... .. #.
. # . . #.
##. § # . .
#. .#####.
.. . . .
###


You could see an orange demon, a ynoxinul, a small abomination and 3 ufetubi.

Vanquished Creatures
  Pikel (D:7)
  A hornet (D:7)
  A shadow (Abyss:1)
  Edmund (D:5)
  A sky beast (D:5)
  2 slaves (D:7)
  A phantom (D:6)
  2 ogres
  A centaur (D:6)
  An elf zombie (Ossuary)
  A bullfrog (D:6)
  A wyvern zombie (D:7)
  A scorpion (D:7)
  A bullfrog zombie (D:6)
  A centaur zombie (D:7)
  2 hounds
  A quasit (D:6)
  A jelly (D:7)
  A centaur skeleton (D:6)
  An iguana (D:7)
  6 worker ants
  3 mummies (Ossuary)
  3 gnolls (D:6)
  15 adders
  4 shadow imps
  An ooze (D:2)
  3 adder zombies (Ossuary)
  7 worms
  2 dart slugs
  7 leopard geckos
  10 orcs
  8 bats
  6 giant cockroaches
  A gnoll zombie (Ossuary)
  10 goblins
  8 hobgoblins
  9 jackals
  2 quokkas (D:7)
  5 ball pythons
  5 frilled lizards
  5 goblin zombies (Ossuary)
  A hobgoblin zombie (Ossuary)
  4 kobolds
  3 kobold zombies (Ossuary)
  2 leopard gecko zombies
  2 quokka zombies (Ossuary)
  9 rats
  2 rat zombies (Ossuary)
166 creatures vanquished.

Notes
Turn   | Place    | Note
-------+----------+-------------------------------------------
     0 | D:1      | Borgoz the Ghoul Fighter began the quest for the Orb.
     0 | D:1      | Reached XP level 1. HP: 19/19 MP: 0/0
    69 | D:1      | Reached XP level 2. HP: 20/26 MP: 1/1
   508 | D:2      | Reached XP level 3. HP: 26/31 MP: 2/2
   517 | D:2      | Reached skill level 1 in Dodging
   594 | D:2      | Reached skill level 1 in Stealth
   614 | D:2      | Reached XP level 4. HP: 11/38 MP: 3/3
   990 | D:2      | Found a glowing golden altar of the Shining One.
  1282 | D:3      | Reached XP level 5. HP: 45/46 MP: 4/4
  1844 | D:3      | Found a bloodstained altar of Trog.
  2019 | D:3      | Found a white marble altar of Elyvilon.
  2456 | D:4      | Got an ancient chain mail
  2467 | D:4      | Identified the +2 chain mail of Eja Caata {-Tele rElec
                  | Int+4 Dex+8} (You found it on level 4 of the Dungeon)
  2495 | D:4      | Found a staircase to the Ecumenical Temple.
  2514 | D:4      | Reached XP level 6. HP: 51/52 MP: 5/5
  2522 | Temple   | Entered the Ecumenical Temple
  2559 | Temple   | Became a worshipper of Ashenzari the Shackled
  2951 | D:4      | Found a sparkling altar of Nemelex Xobeh.
  3214 | D:5      | Entered Level 5 of the Dungeon
  3299 | D:5      | Found an iron altar of Okawaru.
  3301 | D:5      | Found a sand-covered staircase.
  3319 | Ossuary  | Entered an ossuary
  3756 | D:5      | Found Qiecot's Antique Armour Shop.
  3756 | D:5      | Noticed Edmund
  3773 | D:5      | Killed Edmund
  3773 | D:5      | Reached XP level 7. HP: 37/56 MP: 6/6
  3781 | D:5      | Got the cursed war axe of Wondrous Power {chop, -Tele rN++
                  | Dex+3 Stlth+}
  3782 | D:5      | Identified the cursed +1 war axe of Wondrous Power {chop,
                  | -Tele rN++ Dex+3 Stlth+} (You found it on level 5 of the
                  | Dungeon)
  4330 | D:6      | Reached XP level 8. HP: 63/67 MP: 5/7
  4662 | D:6      | Reached skill level 5 in Armour
  5037 | D:7      | Reached skill level 5 in Fighting
  5408 | D:7      | Noticed Pikel
  5484 | D:7      | Reached skill level 5 in Short Blades
  5529 | D:7      | Killed Pikel
  5529 | D:7      | Reached skill level 5 in Dodging
  5529 | D:7      | Reached XP level 9. HP: 24/74 MP: 6/8
  6120 | D:7      | Reached * piety under Ashenzari
  6145 | D:7      | Noticed a hornet
  6160 | D:7      | Killed a hornet
  6160 | D:7      | Reached skill level 1 in Evocations
  6341 | D:8      | Found a staircase to the Lair.
  6341 | D:8      | Noticed Psyche
  6341 | D:8      | Noticed a two-headed ogre
  6353 | D:7      | Cast into level 1 of the Abyss (Psyche)
  6353 | Abyss:1  | Found a corrupted altar of Lugonu.
  6401 | Abyss:1  | Noticed a green very ugly thing
  6403 | Abyss:1  | Noticed a green ugly thing
  6404 | Abyss:1  | Noticed a green very ugly thing
  6416 | Abyss:1  | Noticed an apocalypse crab
  6425 | Abyss:1  | Found a corrupted altar of Lugonu.
  6442 | Abyss:1  | Noticed a large abomination
  6457 | Abyss:1  | Noticed an orange demon
  6521 | Abyss:1  | Mangled by a small abomination

Skill      XL: |  1  2  3  4  5  6  7  8  9 |
---------------+----------------------------+-----
Short Blades   | 2 3 4 5 6 |  6.0
Armour         | 3 4 5 6 |  6.3
Dodging        | 1 2 3 5 |  5.5
Stealth        | 1 2 3 4 |  4.4
Fighting       | 4 5 |  5.7
Evocations     | 1 |  1.2
Shields        | |  2.6

Action                   |  1- 3 |  4- 6 |  7- 9 || total
-------------------------+-------+-------+-------++-------
Melee: Rapier            |    39 |       |       ||    39
       Dagger            |    65 |   324 |   517 ||   906
       War axe           |       |       |     3 ||     3
Throw: Tomahawk          |       |       |     4 ||     4
Evoke: Wand              |       |       |     2 ||     2
  Use: Scroll            |       |     7 |     8 ||    15
       Potion            |       |     2 |    10 ||    12
 Stab: Paralysed         |       |       |     2 ||     2
  Eat: Chunk             |     3 |    14 |    11 ||    28
Armor: Scale mail        |    50 |    58 |       ||   108
       Chain mail        |       |    76 |   356 ||   432
Dodge: Dodged            |    59 |   121 |   397 ||   577
